 Dungeon Crawl Stone Soup version 0.17.0-22-g5edae84 (webtiles) character file.

14922 dorian the Arsonist (level 11, -12/86 HPs)
             Began as a Red Draconian Fire Elementalist on Nov 12, 2015.
             Was an Elder of Vehumet.
             Mangled by Snorg (29 damage)
             ... on level 1 of the Orcish Mines.
             The game lasted 00:58:00 (18643 turns).

dorian the Arsonist (DrFE)                         Turns: 18643, Time: 00:58:00

Health: -12/86     AC: 11    Str: 12    XL:     11   Next: 95%
Magic:  3/18       EV: 20    Int: 23    God:    Vehumet [****..]
Gold:   1096       SH:  0    Dex: 19    Spells: 5 memorised, 4 levels left

rFire  + . .     SeeInvis +     S - +8 hunting sling of a labyrinth {speed, rElec MR+}
rCold  . . .     Clarity  +     (armour unavailable)
rNeg   . . .     SustAt   .     (no shield)
rPois  .         Gourm    .     (helmet restricted)
rElec  +         Spirit   .     G - +0 cloak
rCorr  .         Warding  .     y - +1 pair of gloves
rMut   .         Stasis   .     O - +0 pair of boots
MR     +....                    g - amulet of clarity
Stlth  +++.......               F - +3 ring of dexterity
                                L - ring of see invisible

@: brilliant, agile, short of breath, somewhat resistant to hostile
enchantments, fairly stealthy
A: breathe fire, unfitting armour, fire resistance 1, cold-blooded, AC +7
a: Breathe Fire, Renounce Religion


You were on level 1 of the Orcish Mines.
You worshipped Vehumet.
Vehumet was greatly pleased with you.
You were not hungry.

You visited 3 branches of the dungeon, and saw 13 of its levels.

You collected 1096 gold pieces.

Inventory:

Hand Weapons
 t - a +2 morningstar of protection
 S - the +8 hunting sling of a labyrinth (weapon) {speed, rElec MR+}
   (You found it on level 9 of the Dungeon)

   Attacks with this weapon are significantly faster.
   It insulates you from electricity.
   It affects your resistance to hostile enchantments.
Missiles
 T - 135 stones
 U - 34 sling bullets (quivered)
Armour
 y - a +1 pair of gloves (worn)
 G - a +0 cloak (worn)
 O - a +0 pair of boots (worn)
Jewellery
 e - an uncursed ring of ice
 g - an amulet of clarity (around neck)
 F - a +3 ring of dexterity (right hand)
 L - a ring of see invisible (left hand)
Wands
 x - a wand of slowing (11)
 J - a wand of lightning (9)
 M - a wand of random effects (28)
 Q - a wand of magic darts (7)
Scrolls
 n - 2 scrolls of identify
 o - a scroll of amnesia
 B - a scroll of magic mapping
 D - 3 scrolls of enchant weapon
 E - 3 scrolls of enchant armour
 P - a scroll of remove curse
Potions
 i - 2 potions of curing
 j - a potion of might
 m - a potion of brilliance
 p - a potion of lignification
 r - 4 potions of ambrosia
 A - a potion of flight
Books
 a - a book of Flames

   Spells                             Type                      Level
   a - Flame Tongue                   Conjuration/Fire             1
   b - Throw Flame                    Conjuration/Fire             2
   c - Conjure Flame                  Conjuration/Fire             3
   d - Inner Flame                    Hexes/Fire                   3
   e - Sticky Flame                   Conjuration/Fire             4
   f - Fireball                       Conjuration/Fire             5
 f - a Grand Grimoire

   Spells                             Type                      Level
   a - Monstrous Menagerie            Summoning                    6
   b - Summon Greater Demon           Summoning                    7
   c - Malign Gateway                 Summoning/Translocation      7
   d - Summon Horrible Things         Summoning                    8
 u - a Necronomicon

   Spells                             Type                      Level
   a - Haunt                          Necromancy/Summoning         7
   b - Borgnjor's Revivification      Necromancy                   8
   c - Death's Door                   Charms/Necromancy            8
   d - Necromutation                  Transmutation/Necromancy     8
Comestibles
 b - 8 bread rations
 d - 17 fruits
 l - 4 meat rations


   Skills:
 - Level 5.0 Fighting
   Level 0.2 Staves
 - Level 4.3 Dodging
 - Level 1.7 Stealth
 - Level 0.2 Unarmed Combat
 - Level 5.1 Spellcasting
 + Level 11.6 Conjurations
 + Level 13.9 Fire Magic
 - Level 6.0 Air Magic


You had 4 spell levels left.
You knew the following spells:

 Your Spells              Type           Power        Failure   Level  Hunger
a - Flame Tongue          Conj/Fire      #####        1%          1    None
b - Conjure Flame         Conj/Fire      ######..     1%          3    ##.....
c - Sticky Flame          Conj/Fire      ######..     1%          4    ####...
d - Mephitic Cloud        Conj/Pois/Air  #####...     1%          3    ##.....
e - Fireball              Conj/Fire      ######....   1%          5    #####..


Dungeon Overview and Level Annotations

Branches:
Dungeon (10/15)            Temple (0/1) D:6            Lair (1/8) D:9
    Orc (2/4) D:10

Altars:
Ashenzari
Cheibriados
Elyvilon
Fedhas
Kikubaaqudgha
Okawaru
Ru
Sif Muna
Trog
Vehumet
Xom
Zin
The Shining One

Shops:
Orc:2 (

Annotations:
Lair:1 Britaniac's ghost, journeyman DEFE
Orc:1 Snorg


Innate Abilities, Weirdness & Mutations

You can breathe blasts of fire.
Your fiery red scales are hard (AC +7).
Your body does not fit into most forms of armour.
Your flesh is heat resistant.
You are cold-blooded and may be slowed by cold attacks.


Message History

Snorg closely misses you. Snorg misses you. Snorg claws you.
* * * LOW HITPOINT WARNING * * *
Casting: Sticky Flame
Confirm with . or Enter, or press ? or * to list all spells.
You don't have enough magic to cast that spell.
Unknown command.
Press: ? - help, Shift-Dir - straight line, f/p - Snorg
Aim: Snorg (heavily wounded, berserk, fast, unusually strong, covered in liquid flames)
You breathe a blast of fire.
The fiery breath hits Snorg.
Snorg is heavily wounded.
You feel somewhat more hungry.
Snorg burns!
Snorg barely misses you. Snorg closely misses you. Snorg completely misses you.
You are too injured to fight recklessly!
Firing (i - inventory. (,) - cycle):
U - 35 sling bullets (quivered)
Press: ? - help, Shift-Dir - straight line, f/p - Snorg
Aim: Snorg (heavily wounded, berserk, fast, unusually strong, covered in liquid flames)
You shoot a sling bullet. The sling bullet hits Snorg.
Snorg is severely wounded.
Snorg burns!
Snorg bites you!!
You die...

## .# ### .## ##.##
..# #...# .## ##.##
## ####.### #
#......#### #
###........## ###
#.@..##.....# ..###
####.T####.....##
....##
#..>..##.##.....#
.....#
####....#........##
.##.##
#.#.##.ยง........##
#####
###....###.......##
#.#...###.......##
####.....####....##
##..........##.####


You could see Snorg (berserk).

Vanquished Creatures
  Josephine (Orc:2)
  Fannar (D:9)
  A hill giant (D:10)
  2 guardian serpents (D:9)
  A spiny frog (Lair:1)
  A centaur skeleton (D:10)
  A troll (D:10)
  2 two-headed ogres
  Sigmund (D:5)
  2 wyverns
  3 basilisks (D:9)
  19 yaks
  2 deep elf magi
  5 hippogriffs
  2 wraiths
  Edmund (D:4)
  A mottled dragon (D:10)
  A warg (D:9)
  5 porcupines
  Duvessa (D:4)
  5 ice beasts
  2 sky beasts
  2 phantoms
  3 centaurs
  6 orc warriors
  5 crocodiles
  A big kobold (D:8)
  6 giant frogs
  4 ogres
  Blork the orc (D:5)
  Dowan (D:4)
  3 scorpions
  6 killer bees (D:10)
  3 crimson imps
  6 hounds
  A giant frog zombie (D:9)
  A quasit (D:8)
  9 orc priests
  5 jellies
  Crazy Yiuf (D:2)
  A giant frog skeleton (D:5)
  4 iguanas
  14 orc wizards
  Natasha (twice) (D:2)
  11 worker ants
  A hound skeleton (D:6)
  A worker ant zombie (D:7)
  16 adders
  12 river rats
  4 gnolls (D:4)
  A shadow imp (D:5)
  An ooze (D:4)
  An adder zombie (D:5)
  4 adder skeletons
  A worm (D:2)
  4 giant geckos
  60 orcs
  9 hobgoblins
  14 jackals
  A quokka (D:3)
  2 ball pythons
  8 bats
  3 giant cockroaches
  3 giant newts
  7 goblins
  A jackal zombie (D:8)
  9 kobolds
  A quokka skeleton (D:4)
  13 rats
  A fungus (D:9)
334 creatures vanquished.

Vanquished Creatures (others)
  A quokka (D:2)
  2 bushes (D:9)
  3 fungi (D:9)
  2 plants (D:9)
8 creatures vanquished.

Grand Total: 342 creatures vanquished

Notes
Turn   | Place    | Note
--------------------------------------------------------------
     0 | D:1      | dorian the Draconian Fire Elementalist began the quest for the Orb.
     0 | D:1      | Reached XP level 1. HP: 14/14 MP: 3/3
   637 | D:1      | Reached XP level 2. HP: 20/20 MP: 3/5
  1040 | D:2      | Found a shimmering altar of Xom.
  1112 | D:2      | Found a white marble altar of Elyvilon.
  1151 | D:2      | Reached skill level 4 in Fire Magic
  1151 | D:2      | Reached XP level 3. HP: 23/26 MP: 0/6
  1823 | D:2      | Reached XP level 4. HP: 34/34 MP: 3/7
  1937 | D:2      | Noticed Natasha
  1940 | D:2      | Killed Natasha
  2033 | D:2      | Noticed Natasha
  2038 | D:2      | Killed Natasha
  2115 | D:2      | Noticed Crazy Yiuf
  2124 | D:2      | Killed Crazy Yiuf
  2270 | D:2      | Learned a level 3 spell: Conjure Flame
  2315 | D:3      | Reached XP level 5. HP: 36/39 MP: 8/8
  2327 | D:3      | Reached skill level 1 in Fighting
  2693 | D:3      | Reached skill level 5 in Fire Magic
  3980 | D:4      | Reached XP level 6. HP: 47/47 MP: 5/9
  4030 | D:4      | Found a deep blue altar of Sif Muna.
  4105 | D:4      | Noticed Duvessa
  4105 | D:4      | Noticed Dowan
  4165 | D:4      | Killed Duvessa
  4194 | D:4      | Killed Dowan
  4433 | D:4      | Noticed Edmund
  4484 | D:3      | Learned a level 4 spell: Sticky Flame
  4593 | D:4      | Killed Edmund
  4593 | D:4      | Reached skill level 5 in Conjurations
  4593 | D:4      | Reached skill level 6 in Fire Magic
  4593 | D:4      | Reached skill level 7 in Fire Magic
  4593 | D:4      | Your scales start taking on a fiery red colour.
  4593 | D:4      | Gained mutation: Your flesh is heat resistant. [Red Draconian growth]
  4593 | D:4      | Reached XP level 7. HP: 39/52 MP: 3/10
  5210 | D:4      | Reached skill level 8 in Fire Magic
  5272 | D:5      | Entered Level 5 of the Dungeon
  5349 | D:5      | Noticed Blork the orc
  5417 | D:5      | Killed Blork the orc
  5516 | D:5      | Reached XP level 8. HP: 34/59 MP: 6/11
  5655 | D:5      | Found a blossoming altar of Fedhas.
  5666 | D:5      | Found an ancient bone altar of Kikubaaqudgha.
  5693 | D:5      | Noticed Sigmund
  5701 | D:5      | Killed Sigmund
  5701 | D:5      | Reached skill level 9 in Fire Magic
  6047 | D:5      | Found a glowing silver altar of Zin.
  6050 | D:5      | Found a bloodstained altar of Trog.
  6050 | D:5      | Found a sacrificial altar of Ru.
  6054 | D:5      | Found a radiant altar of Vehumet.
  6063 | D:5      | Became a worshipper of Vehumet
  6838 | D:6      | Found a glowing golden altar of the Shining One.
  6884 | D:6      | Found a staircase to the Ecumenical Temple.
  7060 | D:6      | Reached skill level 10 in Fire Magic
  7834 | D:7      | Reached XP level 9. HP: 53/64 MP: 7/13
  8240 | D:8      | Found an iron altar of Okawaru.
  8631 | D:8      | Found a snail-covered altar of Cheibriados.
  8886 | D:8      | Reached skill level 11 in Fire Magic
  9467 | D:9      | Reached * piety under Vehumet
  9467 | D:9      | Offered knowledge of Sandblast by Vehumet.
  9486 | D:9      | Found a shattered altar of Ashenzari.
  9648 | D:9      | Noticed a guardian serpent
  9842 | D:9      | Reached skill level 5 in Spellcasting
 10212 | D:9      | Reached XP level 10. HP: 58/73 MP: 5/17
 11089 | D:9      | Found a staircase to the Lair.
 11248 | D:9      | Reached skill level 5 in Fighting
 11352 | D:9      | Reached skill level 12 in Fire Magic
 11551 | D:9      | Noticed a guardian serpent
 11560 | D:9      | Killed a guardian serpent
 11560 | D:9      | Reached ** piety under Vehumet
 11682 | D:9      | Offered knowledge of Shock by Vehumet.
 11682 | D:9      | Reached skill level 10 in Conjurations
 12008 | D:9      | Got an ancient hunting sling
 12010 | D:9      | Identified the +8 hunting sling of a labyrinth {speed, rElec MR+} (You found it on level 9 of the Dungeon)
 13361 | D:8      | Gained mutation: You evolve. [potion of mutation]
 13361 | D:8      | Gained mutation: You are dopey. (Int -2) [potion of mutation]
 13361 | D:8      | Gained mutation: You are resistant to hostile enchantments. [potion of mutation]
 13362 | D:8      | Lost mutation: You are resistant to hostile enchantments. [potion of cure mutation]
 13362 | D:8      | Lost mutation: You are dopey. (Int -2) [potion of cure mutation]
 13362 | D:8      | Lost mutation: You evolve. [potion of cure mutation]
 13526 | D:9      | Reached XP level 11. HP: 83/86 MP: 9/18
 13715 | D:9      | Killed a guardian serpent
 13715 | D:9      | Reached skill level 13 in Fire Magic
 14322 | D:10     | Entered Level 10 of the Dungeon
 14377 | D:10     | Offered knowledge of Mephitic Cloud by Vehumet.
 14382 | D:10     | Learned a level 3 spell: Mephitic Cloud
 14453 | D:10     | Reached skill level 1 in Air Magic
 14652 | D:10     | Reached *** piety under Vehumet
 14654 | D:10     | Noticed a hill giant
 14661 | D:10     | Killed a hill giant
 14745 | D:10     | Noticed Fannar
 14916 | D:9      | Killed Fannar
 15950 | D:10     | Offered knowledge of Ignite Poison by Vehumet.
 15993 | D:10     | Found a staircase to the Orcish Mines.
 16530 | Lair:1   | Entered Level 1 of the Lair of Beasts
 16644 | Lair:1   | Reached skill level 5 in Air Magic
 16686 | Lair:1   | Reached **** piety under Vehumet
 16967 | Lair:1   | Noticed Britaniac's ghost (journeyman DEFE)
 17514 | Orc:1    | Entered Level 1 of the Orcish Mines
 17515 | Orc:1    | Offered knowledge of Lightning Bolt by Vehumet.
 18105 | Orc:2    | Found Ibadwes's Weapon Emporium.
 18221 | Orc:2    | Noticed Josephine
 18233 | Orc:2    | Killed Josephine
 18562 | Orc:2    | Noticed Snorg
 18630 | Orc:1    | Learned a level 5 spell: Fireball
 18643 | Orc:1    | Mangled by Snorg

Action                   |  1- 3 |  4- 6 |  7- 9 | 10-12 || total
-------------------------+-------+-------+-------+-------++-------
Melee: Unarmed           |    36 |       |       |       ||    36
       Short sword       |    39 |    10 |       |       ||    49
       Quarterstaff      |       |    69 |    91 |    45 ||   205
 Fire: Hunting sling     |       |       |       |   240 ||   240
 Cast: Flame Tongue      |    61 |   104 |   216 |   228 ||   609
       Sticky Flame      |       |     1 |    18 |    81 ||   100
 Abil: Breathe Fire      |       |       |     2 |    14 ||    16
  Use: Scroll            |       |    10 |     1 |    14 ||    25
       Potion            |       |       |       |    19 ||    19
 Stab: Sleeping          |       |     1 |       |       ||     1
       Petrifying        |       |       |     1 |       ||     1
  Eat: Chunk             |     4 |    10 |    16 |    29 ||    59
       Beef jerky        |       |     1 |     1 |     2 ||     4
       Fruit             |       |       |     3 |    12 ||    15
       Pizza             |       |       |     1 |       ||     1
